 Dungeon Crawl Stone Soup version 0.23-a0-143-g1adec7b (webtiles) character file.

6328 Amnesiac the Destroyer (level 10, -5/68 HPs)
             Began as a Mummy Ice Elementalist on Sept 4, 2018.
             Was a Priest of Vehumet.
             Slain by a yak (15 damage)
             ... on level 8 of the Dungeon.
             The game lasted 00:15:33 (8778 turns).

Amnesiac the Destroyer (Mummy Ice Elementalist)     Turns: 8778, Time: 00:15:34

Health: -5/68      AC:  7    Str: 12    XL:     10   Next: 64%
Magic:  0/31       EV: 11    Int: 18    God:    Vehumet [***...]
Gold:   339        SH:  0    Dex: 18    Spells: 9/26 levels left

rFire    x x .     SeeInvis .   B - +3 morningstar of Mourning {crush, Dex+6}
rCold    + + .     Gourm    .   (no shield)
rNeg     + + +     Faith    .   p - +0 ring mail
rPois    ∞         Spirit   .   k - +0 helmet
rElec    .         Reflect  .   v - scarf {repulsion}
rCorr    .         Harm     +   (no gloves)
MR       +....                  f - +0 pair of boots
Stlth    +.........             g - amulet of harm
HPRegen  0.21/turn              F - ring of magical power
MPRegen  0.22/turn              w - ring of ice

@: repel missiles
A: no food or potions, fire vulnerability, cold resistance 1, negative energy
resistance 3, torment resistance, unbreathing
a: Renounce Religion


You were on level 8 of the Dungeon.
You worshipped Vehumet.
Vehumet was most pleased with you.
You were not hungry.

You visited 2 branches of the dungeon, and saw 10 of its levels.

You collected 339 gold pieces.

Inventory:

Hand Weapons
 a - a +0 hunting sling
 b - a +0 long sword
 u - a +2 hand axe of flaming
 B - the +3 morningstar of Mourning (weapon) {crush, Dex+6}
   (You took it off a crimson imp on level 6 of the Dungeon)

   It inflicts extra damage upon your enemies.
   It affects your dexterity (+6).
 D - a +2 whip of electrocution
Missiles
 c - 270 stones (quivered)
 s - 105 sling bullets
Armour
 f - a +0 pair of boots (worn)
 k - a +0 helmet (worn)
 o - a +0 robe
 p - a +0 ring mail (worn)
 v - a scarf of repulsion (worn)
Jewellery
 g - an amulet of harm (around neck)
 w - a ring of ice (right hand)
 x - an uncursed amulet of guardian spirit
 F - a ring of magical power (left hand)
 K - an uncursed ring of flight
Wands
 d - a wand of paralysis (22)
 m - a wand of digging (15)
 q - a wand of acid (15)
 t - a wand of disintegration (6)
 y - a wand of clouds (3)
 A - a wand of polymorph (15)
Scrolls
 e - a scroll of identify {!r}
 h - 3 scrolls of immolation {!r}
 i - a scroll of enchant armour {!r}
 j - a scroll of fear {!r}
 l - 2 scrolls of amnesia {!r}
 n - 4 scrolls of remove curse {!r}
 r - a scroll of vulnerability {!r}
 C - 2 scrolls of enchant weapon {!r}
 J - a scroll of magic mapping {!r}


   Skills:
 - Level 2.4 Fighting
 - Level 2.4 Dodging
 - Level 1.5 Stealth
 + Level 8.7 Spellcasting
 * Level 8.7 Conjurations
 * Level 8.6 Ice Magic


You had 9 spell levels left.
You knew the following spells:

 Your Spells              Type           Power        Failure   Level  Hunger
a - Freeze                Ice            ####         1%          1    N/A
b - Summon Ice Beast      Ice/Summ       #####...     34%         4    N/A
c - Confusing Touch       Hex            #.....       21%         1    N/A
d - Throw Icicle          Conj/Ice       ######..     1%          4    N/A
e - Magic Dart            Conj           ####         1%          1    N/A
s - Conjure Flame         Conj/Fire      ###.....     3%          3    N/A
z - Ozocubu's Armour      Chrm/Ice       #####...     11%         3    N/A

Your spell library contained the following spells:

 Spells                   Type           Power        Failure   Level  Hunger
 Inner Flame              Hex/Fire       #.......     16%         3    N/A
 Throw Frost              Conj/Ice       ######       1%          2    N/A
 Confuse                  Hex            #.......     52%         3    N/A
 Gell's Gravitas          Tloc           #.........   52%         3    N/A
 Metabolic Englaciation   Hex/Ice        #####.....   67%         5    N/A
 Yara's Violent Unravell  Hex/Tmut       #.........   78%         5    N/A
 Petrify                  Tmut/Erth      #.......     90%         4    N/A

Dungeon Overview and Level Annotations

Branches:
Dungeon (9/15)             Temple (1/1) D:6             Orc (0/2) D:9
   Lair: D:8-11

Altars:
Ashenzari
Dithmenos
Elyvilon
Fedhas
Gozag
Hepliaklqana
Kikubaaqudgha
Makhleb
Nemelex Xobeh
Okawaru
Qazlal
Ru
Trog
Uskayaw
Vehumet
Wu Jian
Xom
The Shining One


Innate Abilities, Weirdness & Mutations

You do not eat or drink.
Your flesh is vulnerable to fire.
You are immune to poison.
Your flesh is cold resistant. (rC+)
You are immune to negative energy. (rN+++)
You are immune to unholy pain and torment.
You can survive without breathing.


Message History

Aim: an orc warrior, wielding a scimitar and wearing a chain mail (moderately You feel a surge of power!
You freeze the orc warrior.
The orc warrior is severely wounded.
The orc warrior closely misses you.
You barely miss the orc warrior.
The orc warrior is severely wounded.
The orc warrior hits you with a scimitar.
The orc warrior closely misses you.
You barely miss the orc warrior.
The orc warrior is heavily wounded.
The orc warrior hits you with a scimitar!!
Casting: Freeze (safe; 1% risk of failure)
Confirm with . or Enter, or press ? or * to list all spells.
Aiming: Freeze (safe; 1% risk of failure)
Press: ? - help, Shift-Dir - straight line, f/p - orc warrior
Aim: an orc warrior, wielding a scimitar and wearing a chain mail (heavily You feel a surge of power!
You freeze the orc warrior.
The orc warrior is almost dead.
The orc warrior barely misses you.
Unknown command.
You barely miss the orc warrior.
The orc warrior is almost dead.
The orc warrior barely misses you.
You puncture the orc warrior!
You kill the orc warrior!
Vehumet accepts your kill.
Vehumet offers you knowledge of Inner Flame.
The yak gores you!
* * * LOW HITPOINT WARNING * * *
A worker ant comes into view.
There is a stone staircase leading up here.
The worker ant twitches its antennae in your direction.
The yak barely misses you.
You climb upwards.
There is a stone staircase leading down here.
You see here a throwing net.
Casting: Freeze (safe; 1% risk of failure)
Confirm with . or Enter, or press ? or * to list all spells.
Aiming: Freeze (safe; 1% risk of failure)
Press: ? - help, Shift-Dir - straight line, f - yak
Aim: a yak You feel a surge of power!
You freeze the yak.
The yak is moderately wounded.
The yak gores you!
* * * LOW HITPOINT WARNING * * *
Casting: Freeze (safe; 1% risk of failure)
Confirm with . or Enter, or press ? or * to list all spells.
Aiming: Throw Icicle (safe; 1% risk of failure)
Press: ? - help, Shift-Dir - straight line, f/p - yak
Aim: a yak (lightly wounded)
You feel a surge of power!
The shard of ice hits the yak.
The yak is moderately wounded.
The yak gores you!
* * * LOW HITPOINT WARNING * * *
Unknown command.
Casting: Throw Icicle (safe; 1% risk of failure)
Confirm with . or Enter, or press ? or * to list all spells.
Aiming: Throw Icicle (safe; 1% risk of failure)
Press: ? - help, Shift-Dir - straight line, f/p - yak
Aim: a yak (moderately wounded)
You feel a surge of power!
The shard of ice hits the yak.
The yak is almost dead.
The yak gores you!
You die...

#..###.# ### #..# #.#
#.. ### #..# #.# #.#
##.## #..#
#.#############.# ....#
###..###.#...........#.#
##.##
#..!.......#########.#.#
#.# #...####...# #.#.#
#.#######...####...#####
#.#.#
#.#...........Y@.......#
#.#(#
#.#.#####...####...###.#
#.#.#
##.#....>...........#
#.#####.#.#
##.#..###...#####.#.#
#.........#
...[......#.......#.#
#######.###
......###...#######.#
#.# ...........## #.#
#.# ..##########
#.#########.# .##
#...........#


You could see a yak.

Vanquished Creatures
  Harold (D:8)
  A two-headed ogre (D:8)
  Pikel (D:7)
  Joseph (D:7)
  Grinder (D:3)
  A yak (D:6)
  4 hogs (D:8)
  A human (D:8)
  A hungry ghost (D:7)
  A water moccasin (D:6)
  A sky beast (D:6)
  4 slaves (D:7)
  A black bear (D:7)
  5 orc warriors
  3 ice beasts
  An ogre (D:4)
  A centaur (D:6)
  4 big kobolds
  6 bullfrogs
  2 scorpions
  2 bullfrog zombies
  5 crimson imps
  2 jellies (D:6)
  5 orc priests
  A hound (D:5)
  8 orc wizards
  3 bullfrog skeletons
  3 iguanas
  6 worker ants
  A howler monkey zombie (D:6)
  6 adders
  2 oozes
  An adder skeleton (D:7)
  4 worms
  2 dart slugs
  5 leopard geckos
  25 orcs
  2 ball pythons
  5 giant cockroaches
  3 goblins
  7 hobgoblins
  7 jackals
  32 kobolds
  4 quokkas
  9 bats
  7 frilled lizards
  A jackal skeleton (D:5)
  A leopard gecko skeleton (D:5)
  A quokka skeleton (D:6)
  7 rats
208 creatures vanquished.

Notes
Turn   | Place    | Note
-------+----------+-------------------------------------------
     0 | D:1      | Amnesiac the Mummy Ice Elementalist began the quest for the
                  | Orb.
     0 | D:1      | Reached XP level 1. HP: 13/13 MP: 4/4
   222 | D:2      | Found an iron altar of Okawaru.
   294 | D:4      | Noticed an iguana
   304 | D:3      | Reached XP level 2. HP: 19/19 MP: 3/5
   332 | D:3      | Found a shimmering altar of Xom.
   335 | D:3      | Found a bloodstained altar of Trog.
   336 | D:3      | Found a sparkling altar of Nemelex Xobeh.
   529 | D:4      | Noticed an ogre
   538 | D:4      | Killed an ogre
   538 | D:4      | Reached XP level 3. HP: 24/24 MP: 2/8
   538 | D:4      | Reached XP level 4. HP: 30/30 MP: 2/9
   543 | D:4      | Learned a level 3 spell: Ozocubu's Armour
   766 | D:4      | Noticed a big kobold
   773 | D:4      | Killed a big kobold
   773 | D:4      | Reached XP level 5. HP: 33/35 MP: 6/11
  1001 | D:4      | Found an ancient bone altar of Kikubaaqudgha.
  1245 | D:4      | Found a shadowy altar of Dithmenos.
  1245 | D:4      | Found a sacrificial altar of Ru.
  1246 | D:4      | Found a hide-covered altar of Uskayaw.
  1252 | D:4      | Learned a level 4 spell: Throw Icicle
  1257 | D:4      | Learned a level 4 spell: Summon Ice Beast
  1431 | D:4      | Noticed Grinder
  1433 | D:4      | Paralysed by Grinder for 4 turns
  1490 | D:5      | Entered Level 5 of the Dungeon
  1500 | D:5      | Reached XP level 6. HP: 41/41 MP: 7/13
  1646 | D:3      | Reached skill level 5 in Ice Magic
  1656 | D:4      | Paralysed by Grinder for 7 turns
  1671 | D:3      | Paralysed by Grinder for 3 turns
  2050 | D:4      | Found a bloodstained altar of Trog.
  2090 | D:5      | Found a stormy altar of Qazlal.
  2187 | D:5      | Reached skill level 5 in Spellcasting
  2206 | D:5      | Found an opulent altar of Gozag.
  2223 | D:5      | Noticed an ice beast
  2518 | D:5      | Reached XP level 7. HP: 23/46 MP: 11/15
  3634 | D:6      | Reached XP level 8. HP: 36/52 MP: 10/16
  3639 | D:6      | Found a burning altar of Makhleb.
  3866 | D:6      | Reached skill level 5 in Conjurations
  3917 | D:6      | Found a staircase to the Ecumenical Temple.
  3925 | Temple   | Entered the Ecumenical Temple
  3936 | Temple   | Became a worshipper of Vehumet
  4772 | D:2      | Found a glowing golden altar of the Shining One.
  5335 | D:3      | Reached * piety under Vehumet
  5335 | D:3      | Offered knowledge of Magic Dart by Vehumet.
  5338 | D:3      | Learned a level 1 spell: Magic Dart
  5416 | D:3      | Found a faded altar of an unknown god.
  5822 | D:3      | Found a bloodstained altar of Trog.
  5823 | D:3      | Found a sparkling altar of Nemelex Xobeh.
  5893 | D:3      | Found a faded altar of an unknown god.
  6152 | D:3      | Killed Grinder
  6871 | D:6      | Reached XP level 9. HP: 57/57 MP: 12/18
  6899 | D:6      | Got a fine morningstar {crush}
  6904 | D:6      | Identified the cursed +3 morningstar of Mourning {crush,
                  | Dex+6} (You took it off a crimson imp on level 6 of the
                  | Dungeon)
  7170 | D:7      | Noticed Joseph
  7188 | D:7      | Reached ** piety under Vehumet
  7191 | D:7      | Offered knowledge of Searing Ray by Vehumet.
  7199 | D:7      | Killed Joseph
  7256 | D:7      | Found an ornate altar of the Wu Jian Council.
  7519 | D:7      | Noticed Pikel
  7534 | D:7      | Killed Pikel
  7534 | D:7      | Reached skill level 1 in Fighting
  7699 | D:7      | Found a shattered altar of Ashenzari.
  7866 | D:8      | Noticed a two-headed ogre
  7871 | D:8      | Killed a two-headed ogre
  7871 | D:8      | Reached XP level 10. HP: 68/68 MP: 3/21
  8029 | D:8      | Learned a level 1 spell: Confusing Touch
  8091 | D:8      | Noticed Harold
  8105 | D:8      | Killed Harold
  8262 | D:8      | Offered knowledge of Conjure Flame by Vehumet.
  8269 | D:8      | Learned a level 3 spell: Conjure Flame
  8367 | D:8      | Found an iron altar of Okawaru.
  8551 | D:8      | Reached *** piety under Vehumet
  8710 | D:9      | Found a staircase to the Orcish Mines.
  8740 | D:9      | Offered knowledge of Inner Flame by Vehumet.
  8778 | D:8      | Slain by a yak

Vault maps used:
D:1:      nicolae_arrival_memento_mori
D:2:      nicolae_tso_carved_into_rock, old_standard_altar
D:3:      minitemple, chequers_ecumenical_altar_simple, corexii_hall_statues_l
D:4:      cheibrodos_thug_alley, kiku_gazebo_garden_becter,
          gammafunk_temple_overflow_claw, first_ration, trog_butcher_becter,
          uniq_grinder
D:5:      grunt_gozag_statues, basic_altar, st_stairs_9
D:6:      minmay_opposing_rooms, lemuel_round_altar, temple_doors_ab
D:7:      lemuel_crystal_altar, ashenzari_altar_1, uniq_pikel, uniq_joseph
D:8:      grunt_livestock, david_defended_altar_orc, uniq_harold
D:9:      david_lair_generic, orc_david_3, minivault_23
Temple:   compressed_dpeg_triangle_lava_temple

Skill      XL: |  1  2  3  4  5  6  7  8  9 10 |
---------------+-------------------------------+-----
Ice Magic      | 4 5 6 7 8 |  8.6
Spellcasting   | 3 4 5 6 7 8 |  8.7
Conjurations   | 4 6 7 8 |  8.7
Dodging        | 2 |  2.4
Fighting       | 2 |  2.4
Stealth        | |  1.5

Action                   |  1- 3 |  4- 6 |  7- 9 | 10-12 || total
-------------------------+-------+-------+-------+-------++-------
Melee: Long sword        |       |     9 |     9 |       ||    18
       Hand axe          |       |       |    57 |       ||    57
       Morningstar       |       |       |    25 |     7 ||    32
 Fire: Hunting sling     |    27 |    36 |    36 |       ||    99
 Cast: Freeze            |    16 |    62 |   152 |    50 ||   280
       Ozocubu's Armour  |       |     1 |       |       ||     1
       Magic Dart        |       |       |    13 |       ||    13
       Throw Icicle      |       |       |    22 |    31 ||    53
Evoke: Wand              |       |       |     7 |     2 ||     9
  Use: Scroll            |       |     6 |     2 |     5 ||    13
 Stab: Paralysed         |       |       |     4 |       ||     4
Armor: Robe              |     1 |     8 |       |       ||     9
       Ring mail         |       |    14 |    85 |    12 ||   111
Dodge: Dodged            |     7 |    28 |   126 |    34 ||   195
       Deflected         |       |       |     2 |     7 ||     9
       Rpst.: Long sword |       |     4 |     8 |       ||    12
       Falchion          |       |     1 |       |       ||     1

Table legend:
 A = Non-vault XP
 B = Vault XP
 C = Vault XP percentage of total XP
 D = Non-vault monster count
 E = Vault monster count
 F = Vault count percentage of total count
                 A         B        C        D         E       F
            +---------+---------+-------+---------+---------+-------
      Total |    4422 |    4618 |  51.1 |     163 |      41 |  20.1
            +---------+---------+-------+---------+---------+-------
        D:1 |      25 |       0 |   0.0 |      16 |       0 |   0.0
        D:2 |      12 |       0 |   0.0 |       6 |       0 |   0.0
        D:3 |      81 |     277 |  77.4 |      27 |       1 |   3.6
        D:4 |     165 |     123 |  42.7 |       5 |      15 |  75.0
        D:5 |     696 |      44 |   5.9 |      26 |       1 |   3.7
        D:6 |    1029 |     687 |  40.0 |      28 |       8 |  22.2
        D:7 |     794 |    1106 |  58.2 |      23 |       2 |   8.0
        D:8 |    1486 |    2110 |  58.7 |      25 |       9 |  26.5
        D:9 |     134 |     271 |  66.9 |       7 |       5 |  41.7
            +---------+---------+-------+---------+---------+-------
